 Dungeon Crawl Stone Soup version 0.31-a0-700-gf13585253f (webtiles) character file.

Game seed: 12785726931267096331

1793 qw the Skirmisher (level 9, -1/55 HPs)
             Began as a Gargoyle Hunter on Sept 7, 2023.
             Was a Follower of Okawaru.
             Slain by a wight
             ... wielding a +5 battleaxe of freezing
              (7 damage)
             ... on level 6 of the Dungeon.
             The game lasted 00:01:57 (5290 turns).

qw the Skirmisher (Gargoyle Hunter)                 Turns: 5290, Time: 00:01:58

Health: -1/55      AC: 14    Str: 14    XL:     9   Next: 9%
Magic:  9/11       EV: 17    Int: 11    God:    Okawaru [*.....]
Gold:   232        SH:  0    Dex: 20    Spells: 8/8 levels left

rFire   . . .        e - +0 arbalest (flame)
rCold   . . .        (shield currently unavailable)
rNeg    + . .        n - +0 robe "Dapnunge" {Dex+3}
rPois   inf          c - +0 helmet
rElec   +            d - +0 cloak
rCorr   +            (no gloves)
SInv    .            k - +2 pair of boots
Will    .....        i - amulet of faith
Stlth   ++++         l - ring of resist corrosion
HPRegen 0.29/turn    (no ring)
MPRegen 0.12/turn

%: faith
@: heroic
A: sickness immunity, AC +6, negative energy resistance 1, electricity
resistance, torment resistance 1, petrification resistance
a: Renounce Religion, Heroism


You were on level 6 of the Dungeon.
You worshipped Okawaru.
Okawaru was aware of your devotion.
You visited 2 branches of the dungeon, and saw 8 of its levels.

You collected 372 gold pieces.
You spent 140 gold pieces at shops.


Innate Abilities, Weirdness & Mutations

You are immune to sickness and miasma.
Your stone body is resilient. (AC +6)
You are immune to poison.
You resist negative energy. (rN+)
You are resistant to electric shocks. (rElec)
You are resistant to unholy torment.
You are immune to petrification.


   Skills:
 - Level 6.1(11.1) Fighting
 - Level 10.0(15.0) Ranged Weapons
 + Level 1.0(6.0) Armour
 - Level 3.0(8.0) Dodging
 - Level 1.1(6.1) Stealth
 + Level 2.9 Invocations


You had 8 spell levels left.
You didn't know any spells.
Your spell library was empty.

Inventory:

Hand Weapons
 e - a +0 arbalest of flaming (weapon)
Armour
 c - a +0 helmet (worn)
 d - a +0 cloak (worn)
 k - a +2 pair of boots (worn)
 n - the +0 robe "Dapnunge" (worn) {Dex+3}
   (You bought it in a shop on level 3 of the Dungeon)

   Dex+3:     It affects your dexterity (+3).
Jewellery
 i - an amulet of faith (around neck)
 l - a ring of resist corrosion (left hand)
Scrolls
 f - a scroll of identify
 j - 3 scrolls of teleportation
Potions
 a - 3 potions of enlightenment
 b - a potion of mutation
 h - 2 potions of curing

Dungeon Overview and Level Annotations

Branches:
Dungeon (7/15)             Temple (1/1) D:5

Altars:
Ashenzari
Cheibriados
Dithmenos
Elyvilon
Fedhas
Gozag
Hepliaklqana
Kikubaaqudgha
Makhleb
Nemelex Xobeh
Okawaru
Qazlal
Ru
Sif Muna
Trog
Uskayaw
Vehumet
Xom
The Shining One

Shops:
D:3 [


Message History

The wight is lightly damaged.
The wight hits you with a +6 scimitar!
You shoot a bolt. The bolt hits the wight!!
The bolt burns the wight.
You destroy the wight!
Okawaru accepts your kill.
Your Ranged Weapons skill increases to level 10!
You start resting.
Magic restored.
You start resting.
HP restored.
Things that are here:
a +6 scimitar; a +0 robe Done exploring.
What level of the Dungeon? (default 7, ? - help)
There is a stone staircase leading down here.
You climb downwards.
The wight hits you with a +0 great sword.
The wight closely misses you.
There is a stone staircase leading up here.
5286 |||
Found retreat position at 0,2 (floor) with 0 blocking monsters and 4 monsters attacking at destination at distance 2
5286 ||| STAIRDANCE The wight barely misses you.
The wight hits you with a +5 battleaxe of freezing!
The wight freezes you.
You climb upwards.
There is a stone staircase leading down here.
You shoot a bolt.
The bolt hits the wight but does no damage.
The wight hits you with a +5 battleaxe of freezing!
The wight freezes you.
The wight hits you with a +0 great sword!
5289 ||| INVOKING Heroism.
You gain the combat prowess of a mighty hero.
The wight misses you. The wight closely misses you.
You shoot a bolt. The bolt barely misses the wight.
The wight hits you with a +5 battleaxe of freezing.
The wight freezes you. The wight misses you.
The wight hits you with a +5 battleaxe of freezing!
The wight freezes you!
You die...

#.#..# #.#.# ##.# #. #.#..#
#.#.# ###..###. #.#..###.#.#
#........ #.#....#.#.#
##..####..
##.#.##.#.#.#######......<..
#.........#.#...............
#..#.##...#.#.##.###.#.####.
#.........z.#....# #.#...##.
##..######[@...### #.###.##.
#..####..z.#.######.###.##.
#######.....#.#..#.#
#.........#.
#........##.#.#..#.#
#.##.######=
#........##.#.#..#.#
#.##.#<.....
#........##.#.#..#.#
#.##.#######
#........##.#.#..#.#
#.##........
#........##.#....#.#
#.##########
#........##.##...#.# #.#


You could see 2 wights.

Vanquished Creatures
  Sigmund (D:3)
  Eustachio (D:4)
  3 ogres
  A centaur (D:5)
  2 phantoms
  Blork the orc (D:6)
  3 scorpions
  A wight (D:6)
  A howler monkey (D:5)
  A hound (D:5)
  3 orc priests
  2 jellies
  3 iguanas
  3 sleepcaps
  Jessica (D:2)
  A gnoll bouda (D:6)
  Robin (D:4)
  3 gnolls (D:6)
  15 adders
  A shadow imp (D:6)
  2 white imps
  2 ufetubi (D:6)
  A dart slug (D:5)
  13 orcs
  8 endoplasms
  6 giant cockroaches
  23 goblins
  9 hobgoblins
  3 jackals (D:2)
  4 kobolds
  A quokka (D:1)
  6 ball pythons
  6 bats
  2 frilled lizards (D:1)
  5 rats
139 creatures vanquished.

Notes
Turn   | Place    | Note
-------+----------+-------------------------------------------
     0 | D:1      | qw the Gargoyle Hunter began the quest for the Orb.
     0 | D:1      | Reached XP level 1. HP: 12/12 MP: 1/1
     0 | D:1      | 0 ||| qw: Version: 0.3-a-76-g4403597
     0 | D:1      | 0 ||| qw: Game counter: 724
     0 | D:1      | 0 ||| qw: Melee chars always use a shield: true
     0 | D:1      | 0 ||| qw: God list: Okawaru
     0 | D:1      | 0 ||| qw: Allow faded altars: false
     0 | D:1      | 0 ||| qw: Do Orc after clearing Dungeon:15 true
     0 | D:1      | 0 ||| qw: Do second Lair branch before Depths: true
     0 | D:1      | 0 ||| qw: Lair rune preference: random
     0 | D:1      | 0 ||| qw: Goals: Normal
     0 | D:1      | 0 ||| PLANNING D:1-11
   258 | D:1      | Reached XP level 2. HP: 17/17 MP: 2/2
   736 | D:1      | 736 ||| UPGRADING to amulet of faith.
   741 | D:1      | 741 ||| READING scroll labelled AHEXTE DOMPAI.
   742 | D:1      | 742 ||| READING 2 scrolls labelled ROGIHI LUPIGRIA.
   743 | D:1      | 743 ||| READING scroll labelled NAIV JARUE.
   744 | D:1      | 744 ||| DRINKING 2 fuming puce potions.
   745 | D:1      | 745 ||| DROPPING scroll of butterflies.
   850 | D:2      | Reached XP level 3. HP: 21/21 MP: 3/3
   867 | D:2      | Reached skill level 5 in Ranged Weapons
  1268 | D:2      | Reached skill level 3 in Fighting
  1399 | D:2      | Noticed Jessica
  1402 | D:2      | Killed Jessica
  1403 | D:2      | Reached XP level 4. HP: 28/28 MP: 4/4
  1689 | D:2      | 1689 ||| UPGRADING to +2 pair of boots.
  1694 | D:2      | 1694 ||| DROPPING ring of wizardry.
  1695 | D:2      | 1695 ||| READING scroll labelled BESEPOA GURGHUB.
  1696 | D:2      | 1696 ||| READING scroll labelled DUSHOANKYS.
  1699 | D:2      | 1699 ||| READING scroll labelled MUSUBI PONEWE.
  1700 | D:2      | 1700 ||| READING 2 scrolls of identify.
  1700 | D:2      | 1700 ||| IDENTIFYING fuming brown potion
  1919 | D:3      | Reached XP level 5. HP: 32/32 MP: 5/5
  1992 | D:3      | Noticed Sigmund
  1995 | D:3      | 1995 ||| DRINKING 3 potions of curing.
  1995 | D:3      | 1995 ||| (to cure confusion)
  2011 | D:3      | Killed Sigmund
  2012 | D:3      | Reached skill level 7 in Ranged Weapons
  2012 | D:3      | Reached XP level 6. HP: 12/37 MP: 6/6
  2163 | D:3      | 2163 ||| READING scroll of enchant weapon.
  2163 | D:3      | 2163 ||| ENCHANTING +1 shortbow.
  2184 | D:3      | Found Jumy's Armour Shop.
  2191 | D:3      | 2191 ||| BUYING +0 robe "Dapnunge" {Dex+3} (140 gold).
  2191 | D:3      | Bought the +0 robe "Dapnunge" {Dex+3} for 140 gold pieces
  2191 | D:3      | 2191 ||| SHOPLISTING +2 robe of fire resistance (177 gold,
                  | have 23).
  2191 | D:3      | 2191 ||| SHOPLISTING +2 robe of resistance (377 gold, have
                  | 23).
  2191 | D:3      | 2191 ||| SHOPLISTING +2 robe of willpower (177 gold, have
                  | 23).
  2372 | D:3      | Reached skill level 1 in Armour
  2699 | D:3      | 2699 ||| UPGRADING to +0 robe "Dapnunge" {Dex+3}.
  2709 | D:3      | 2709 ||| DROPPING +0 leather armour.
  2710 | D:3      | 2710 ||| UPGRADING to ring of resist corrosion.
  2711 | D:3      | 2711 ||| READING scroll labelled ASUTSI OCUCRAI.
  2712 | D:3      | 2712 ||| READING scroll labelled AQYELL GEXTORO.
  2727 | D:4      | 2727 ||| STAIRDANCE
  2774 | D:4      | Reached XP level 7. HP: 40/43 MP: 7/7
  2937 | D:4      | Reached skill level 8 in Ranged Weapons
  2959 | D:4      | Noticed Eustachio
  2986 | D:4      | Killed Eustachio
  3225 | D:4      | Reached XP level 8. HP: 49/49 MP: 8/8
  3235 | D:4      | Noticed Robin
  3250 | D:4      | Killed Robin
  3481 | D:4      | 3481 ||| UPGRADING to +0 helmet.
  3486 | D:4      | 3486 ||| READING scroll labelled KEINIQICAI.
  3487 | D:4      | 3487 ||| DRINKING 2 murky orange potions.
  3488 | D:4      | 3488 ||| READING 3 scrolls of identify.
  3488 | D:4      | 3488 ||| IDENTIFYING fuming blue potion
  3489 | D:4      | 3489 ||| READING 2 scrolls of identify.
  3489 | D:4      | 3489 ||| IDENTIFYING metallic golden potion
  3490 | D:4      | 3490 ||| DROPPING potion of degeneration.
  3491 | D:4      | 3491 ||| DROPPING potion of attraction.
  3498 | D:5      | Entered Level 5 of the Dungeon
  3539 | D:5      | Found a staircase to the Ecumenical Temple.
  3540 | D:5      | 3540 ||| PLANNING TEMPLE
  3552 | D:5      | 3552 ||| READING 2 scrolls labelled HOOPON RIEF.
  3553 | D:5      | 3553 ||| DROPPING scroll of vulnerability.
  3559 | Temple   | Entered the Ecumenical Temple
  3560 | Temple   | 3560 ||| PLANNING OKAWARU WORSHIP
  3568 | Temple   | Became a worshipper of Warmaster Okawaru
  3569 | Temple   | 3569 ||| PLANNING D:1-11
  3660 | D:5      | Reached skill level 9 in Ranged Weapons
  3725 | D:5      | Reached skill level 6 in Fighting
  3790 | D:5      | 3790 ||| SWAPPING to +0 orcbow.
  3794 | D:5      | Reached * piety under Okawaru
  3795 | D:5      | 3795 ||| DROPPING +2 shortbow.
  3804 | D:5      | 3804 ||| INVOKING Heroism.
  4262 | D:5      | 4262 ||| UPGRADING to +0 cloak.
  4267 | D:5      | 4267 ||| READING scroll labelled YTO FYWUACLURESU.
  4267 | D:5      | Identified a scroll of acquirement
  4267 | D:5      | 4267 ||| ACQUIRING +0 arbalest of flaming
  4267 | D:5      | Acquired a +0 arbalest of flaming
  4269 | D:5      | 4269 ||| SWAPPING to +0 arbalest of flaming.
  4270 | D:5      | 4270 ||| DROPPING +0 orcbow.
  4271 | D:5      | 4271 ||| READING 3 scrolls of identify.
  4271 | D:5      | 4271 ||| IDENTIFYING viscous yellow potion
  4272 | D:5      | 4272 ||| READING 2 scrolls of identify.
  4272 | D:5      | 4272 ||| IDENTIFYING yellow potion
  4273 | D:5      | 4273 ||| DROPPING potion of lignification.
  4274 | D:5      | 4274 ||| DROPPING potion of berserk rage.
  4506 | D:6      | 4506 ||| INVOKING Heroism.
  4532 | D:6      | Reached skill level 3 in Dodging
  4532 | D:6      | Reached skill level 1 in Invocations
  4536 | D:6      | Noticed Blork the orc
  4537 | D:6      | 4537 ||| INVOKING Heroism.
  4540 | D:6      | Killed Blork the orc
  4651 | D:6      | Reached XP level 9. HP: 55/55 MP: 10/10
  5231 | D:6      | 5231 ||| DROPPING ring of flight.
  5255 | D:7      | 5255 ||| STAIRDANCE
  5259 | D:6      | Reached skill level 10 in Ranged Weapons
  5286 | D:7      | 5286 ||| STAIRDANCE
  5289 | D:6      | 5289 ||| INVOKING Heroism.
  5290 | D:6      | HP: 6/55 [wight/+5 battleaxe of freezing (15)]
  5290 | D:6      | Slain by a wight

Levels and vault maps discovered:
D:1:      psy_arrival_basics, layout_basic
D:2:      layout_loops_ring, minmay_worlds_worst_comb, uniq_jessica
D:3:      layout_basic, serial_shops, shop, minmay_ogre_servants, uniq_sigmund
D:4:      layout_cave_pools, uniq_robin, uniq_eustachio
D:5:      layout_loops_ring, minmay_temple_entry_proselytizer
D:6:      layout_basic, uniq_blork_the_orc
D:7:      layout_cave_pools, hangedman_decor_riveting
Temple:   hellmonk_temple_of_storms

Skill      XL: |  1  2  3  4  5  6  7  8  9 |
---------------+----------------------------+-----
Ranged Weapons | 5 7 8 9 10 | 10.0
Fighting       | 3 4 5 6 |  6.1
Armour         | 1 |  1.0
Dodging        | 2 3 |  3.0
Invocations    | 2 |  2.9
Stealth        | |  1.1

Action                     |  1- 3 |  4- 6 |  7- 9 || total
---------------------------+-------+-------+-------++-------
   Fire: Shortbow          |   106 |   127 |   149 ||   382
         Arbalest          |       |       |    55 ||    55
         Orcbow            |       |       |    22 ||    22
 Invoke: Heroism           |       |       |     4 ||     4
    Use: Scroll            |     3 |     7 |     7 ||    17
         Potion            |     1 |     1 |     1 ||     3
 Armour: Leather armour    |    35 |    41 |       ||    76
         Robe              |       |     2 |   108 ||   110
  Dodge: Dodged            |    29 |    46 |    79 ||   154

Table legend:
 A = Non-vault XP
 B = Vault XP
 C = Vault XP percentage of total XP
 D = Non-vault monster count
 E = Vault monster count
 F = Vault count percentage of total count
                 A         B        C        D         E       F
            +---------+---------+-------+---------+---------+-------
      Total |    1808 |     754 |  29.4 |     108 |      31 |  22.3
            +---------+---------+-------+---------+---------+-------
        D:1 |      16 |       0 |   0.0 |      10 |       0 |   0.0
        D:2 |      79 |      45 |  36.3 |      29 |       5 |  14.7
        D:3 |      76 |     354 |  82.3 |      15 |      10 |  40.0
        D:4 |     542 |     224 |  29.2 |      22 |      14 |  38.9
        D:5 |     478 |      41 |   7.9 |      10 |       1 |   9.1
        D:6 |     617 |      90 |  12.7 |      22 |       1 |   4.3
            +---------+---------+-------+---------+---------+-------
